 Dungeon Crawl Stone Soup version 0.30-a0-169-g06f667207d (webtiles) character file.

Game seed: 10356736147995883296

20 Decritt the Magician (level 3, 0/29 HPs)
             Began as a Djinni Conjurer on Sept 30, 2022.
             Slain by a jackal (1 damage)
             ... on level 1 of the Dungeon.
             The game lasted 00:01:34 (1113 turns).

Decritt the Magician (Djinni Conjurer)              Turns: 1113, Time: 00:01:34

Health: 0/29       AC:  2    Str:  6    XL:     3   Next: 0%
Gold:   80         EV: 12    Int: 21    God:
                   SH:  0    Dex: 11

rFire   + + .      SeeInvis .    (no weapon)
rCold   x . .      Faith    .    (no shield)
rNeg    . . .      Spirit   .    a - +0 robe
rPois   ∞          Reflect  .    (no helmet)
rElec   .          Harm     .    (no cloak)
rCorr   .          Rampage  .    (no gloves)
Will    .....                    (boots unavailable)
Stlth   ++........               (no amulet)
HPRegen 0.09/turn                (no ring)
MPRegen 0.00/turn                (no ring)

@: flying, very slightly contaminated
A: sickness immunity, fire resistance 2, cold vulnerability 1, float, innate
caster, HP casting, extra vitality 1
a: no special abilities


You were on level 1 of the Dungeon.
You visited 1 branch of the dungeon, and saw 1 of its levels.

You collected 140 gold pieces.
You spent 60 gold pieces at shops.

Inventory:

Armour
 a - a +0 robe (worn)
Scrolls
 c - 2 scrolls of teleportation {unknown}
 f - a scroll of identify {unknown}
Potions
 b - a potion of mutation {unknown}
 d - a potion of lignification {unknown}
 e - a potion of heal wounds {unknown}


   Skills:
 * Level 2.3 Fighting
 - Level 2.1 Dodging
 - Level 1.5 Stealth
 - Level 3.2 Spellcasting


You couldn't memorise any spells.
You knew the following spells:

 Your Spells              Type           Power      Damage    Failure   Level
a - Magic Dart            Conj           68%        1d6       3%          1
b - Searing Ray           Conj           34%        2d5       4%          2
c - Dazzling Flash        Conj/Hex       34%        N/A       10%         3
d - Fulminant Prism       Conj/Hex       8%         3d7       32%         4
e - Iskenderun's Mystic   Conj/Tloc      17%        2d5       32%         4
f - Necrotise             Necr           68%        1d7       3%          1
Your spell library was empty.

Dungeon Overview and Level Annotations

Branches:
Dungeon (1/15)

Altars:

Shops:
D:1 *


Innate Abilities, Weirdness & Mutations

You are immune to sickness and miasma.
You are immune to poison.
Your flesh is very heat resistant. (rF++)
You are vulnerable to cold. (rC-)
You float through the air rather than walking.
You learn spells naturally, not from books.
Your magical power is your life essence.
You have superior vitality. (+4 MHP)


Message History

Aim: a jackal (100% to hit)
The magic dart hits the jackal.
The jackal is moderately wounded.
* * * LOW HITPOINT WARNING * * *
The jackal closely misses you.
Casting: Magic Dart (safe; 3% risk of failure)
Confirm with . or Enter, or press ? or * to list all spells.
Aiming: Magic Dart (safe; 3% risk of failure)
Press: ? - help, Shift-Dir - straight line, f/p - jackal
Aim: a jackal (moderately wounded, 100% to hit)
The magic dart hits the jackal.
The jackal is severely wounded.
* * * LOW HITPOINT WARNING * * *
The jackal closely misses you. The jackal barely misses you.
Casting: Magic Dart (safe; 3% risk of failure)
Confirm with . or Enter, or press ? or * to list all spells.
Aiming: Magic Dart (safe; 3% risk of failure)
Press: ? - help, Shift-Dir - straight line, f/p - jackal
Aim: a jackal (severely wounded, 100% to hit)
The magic dart hits the jackal but does no damage.
The jackal is severely wounded.
* * * LOW HITPOINT WARNING * * *
The jackal bites you.
* * * LOW HITPOINT WARNING * * *
Casting: Magic Dart (safe; 3% risk of failure)
Confirm with . or Enter, or press ? or * to list all spells.
Aiming: Magic Dart (safe; 3% risk of failure)
Press: ? - help, Shift-Dir - straight line, f/p - jackal
Aim: a jackal (severely wounded, 100% to hit)
The magic dart hits the jackal.
The jackal is almost dead.
* * * LOW HITPOINT WARNING * * *
The jackal misses you.
Casting: Magic Dart (safe; 3% risk of failure)
Confirm with . or Enter, or press ? or * to list all spells.
You don't have enough health to cast this spell.
You closely miss the jackal.
The jackal is almost dead.
The jackal bites you.
You die...

#.#........##....
#.#.##.#.#.##..##
#.#.##.#.........
#......#######.##
###.##### #......
#.###.###......
#......##.....#
#############.##.###.....#
#.......h@##..##.# #.....#
#.##...##.##.###.###.....#
#... #.#P..P..##.......
#.##... #.#P...P###.##.##.
#.##... #.#P...P###.##.##.
#.##... #.#P...P.##.#..##.
#.###.# #.#PPPPP[##.#.###.
#.# #. #.#..##..#........
#######.#
#÷##....##........


You could see a jackal.

Vanquished Creatures
  An endoplasm (D:1)
  2 hobgoblins (D:1)
  2 jackals (D:1)
  A quokka (D:1)
  3 ball pythons (D:1)
  3 bats (D:1)
  4 frilled lizards (D:1)
  A goblin (D:1)
  2 kobolds (D:1)
  A rat (D:1)
20 creatures vanquished.

Vanquished Creatures (others)
  3 toadstools (D:1)
3 creatures vanquished.

Grand Total: 23 creatures vanquished

Notes
Turn   | Place    | Note
-------+----------+-------------------------------------------
     0 | D:1      | Decritt the Djinni Conjurer began the quest for the Orb.
     0 | D:1      | Decritt set off with the following spells memorised: Magic
                  | Dart, Searing Ray, Dazzling Flash, Fulminant Prism,
                  | Iskenderun's Mystic Blast.
     0 | D:1      | Reached XP level 1. HP: 15/15 MP: 0/0
   192 | D:1      | Reached skill level 1 in Fighting
   396 | D:1      | Reached XP level 2. HP: 17/22 MP: 0/0
   874 | D:1      | Found Oczeuredae's Assorted Antiques.
   883 | D:1      | Bought a clear potion for 19 gold pieces
   883 | D:1      | Bought a bubbling grey potion for 19 gold pieces
   883 | D:1      | Bought a scroll labelled QEXITR NUEK for 22 gold pieces
  1109 | D:1      | Reached XP level 3. HP: 6/29 MP: 0/0
  1109 | D:1      | Learned a level 1 spell: Necrotise
  1113 | D:1      | Slain by a jackal

Illustrated notes

Levels and vault maps discovered:
D:1:      kilobyte_arrival_exit_the_forest, layout_loops_cross, serial_shops,
          shop, chequers_jeans, minmay_gold_behind_fungi,
          ebering_dispersal_statue_hall, minmay_parallelograms

Skill      XL: |  1  2 |
---------------+-------+-----
Fighting       | 1 2 |  2.3
Dodging        | |  2.1
Stealth        | |  1.5
Spellcasting   | |  3.2

Action                   || total
-------------------------++-------
Melee: Unarmed           ||    11
 Cast: Magic Dart        ||    32
       Searing Ray       ||     3
Armor: Robe              ||     3
Dodge: Dodged            ||    20

Table legend: (Time is in decaauts)
 A = Elapsed time spent in this place.
 B = Non-inter-level travel time spent in this place.
 C = Inter-level travel time spent in this place.
 D = Time resting spent in this place.
 E = Time spent auto-exploring this place.
 F = Levels seen in this place.
 G = Mean time per level.
                   A        B        C        D        E       F      G
               +--------+--------+--------+--------+--------+-----+--------+
         Total |   1113 |   1113 |      0 |      0 |   1036 |   1 | 1113.0 |
       Dungeon |   1113 |   1113 |      0 |      0 |   1036 |   1 | 1113.0 |
               +--------+--------+--------+--------+--------+-----+--------+

Top non-repeatable levels by time:
     D:1: 1113 daAuts
